 Dungeon Crawl Stone Soup version 0.27-a0-1202-ge72e49191c (webtiles) character file.

Game seed: 14071881879764417657

21879 robertstho the Archer (level 12, -6/77 HPs)
             Began as a Tengu Hunter on June 3, 2021.
             Was a High Priest of Okawaru.
             Mangled by a death yak (18 damage)
             ... on level 3 of the Lair of Beasts.
             The game lasted 00:29:28 (16769 turns).

robertstho the Archer (Tengu Hunter)               Turns: 16769, Time: 00:29:28

Health: -6/77      AC: 20    Str: 17    XL:     12   Next: 94%
Magic:  16/17      EV: 17    Int: 11    God:    Okawaru [*****.]
Gold:   773        SH:  5    Dex: 16    Spells: 11/11 levels left

rFire    + . .     SeeInvis .   m - +0 demon whip (venom)
rCold    . . .     Faith    .   (no shield)
rNeg     . . .     Spirit   .   f - +7 scale mail of Death Resistance {rElec rF+}
rPois    .         Reflect  +   (helmet restricted)
rElec    +         Harm     .   (no cloak)
rCorr    .         Rampage  .   h - +0 pair of gloves
Will     ++...                  (boots unavailable)
Stlth    ++........             w - amulet of reflection
HPRegen  0.22/turn              C - ring of willpower
MPRegen  0.15/turn              z - ring of willpower

@: heroic, flying quickly and evasively, quick
A: beak, talons 3, nimble flight, iridescent scales 1, no potion heal 1
a: Renounce Religion, Heroism, Finesse


You were on level 3 of the Lair of Beasts.
You worshipped Okawaru.
Okawaru was extremely pleased with you.
You visited 3 branches of the dungeon, and saw 14 of its levels.

You collected 773 gold pieces.

Inventory:

Hand Weapons
 a - a +1 shortbow
 m - a +0 demon whip of venom (weapon)
Missiles
 t - 96 arrows
Armour
 f - the +7 scale mail of Death Resistance (worn) {rElec rF+}
   (You found it on level 4 of the Dungeon)

   It protects you from fire.
   It insulates you from electricity.
 h - a +0 pair of gloves (worn)
Jewellery
 w - an amulet of reflection (around neck)
 z - a ring of willpower (right hand)
 C - a ring of willpower (left hand)
Wands
 b - a wand of iceblast (5)
 d - a wand of flame (12)
 A - a wand of polymorph (6)
 D - a wand of digging (1)
Scrolls
 c - a scroll of enchant weapon
 k - 3 scrolls of amnesia
 l - a scroll of silence
 r - 3 scrolls of magic mapping
 s - 2 scrolls of enchant armour
Potions
 j - a potion of magic
 E - a potion of mutation


   Skills:
 + Level 9.7(14.7) Fighting
 + Level 6.1(11.1) Maces & Flails
 + Level 14.9(19.9) Bows
 + Level 7.8(12.8) Armour
 + Level 5.3(10.3) Dodging
 + Level 2.9(7.9) Stealth
 + Level 3.1(8.1) Shields
 * Level 6.0 Invocations
 + Level 2.4 Evocations


You had 11 spell levels left.
You didn't know any spells.
Your spell library contained the following spells:

 Spells                   Type           Power      Damage    Failure   Level
 Animate Skeleton         Necr           0%         N/A       65%         1
 Apportation              Tloc           0%         N/A       65%         1
 Corona                   Hex            0%         N/A       65%         1
 Shock                    Conj/Air       0%         1d3       65%         1
 Summon Small Mammal      Summ           0%         N/A       65%         1
 Call Imp                 Summ           0%         N/A       80%         2
 Static Discharge         Conj/Air       0%         N/A       80%         2
 Call Canine Familiar     Summ           0%         N/A       95%         3
 Confusing Touch          Hex            0%         N/A       95%         3
 Gell's Gravitas          Tloc           0%         N/A       95%         3
 Summon Guardian Golem    Hex/Summ       0%         N/A       95%         3
 Swiftness                Air            0%         N/A       95%         3
 Airstrike                Air            0%         N/A       100%        4
 Petrify                  Tmut/Erth      0%         N/A       100%        4
 Summon Ice Beast         Ice/Summ       0%         N/A       100%        4
 Summon Lightning Spire   Summ/Air       0%         N/A       100%        4
 Lightning Bolt           Conj/Air       0%         1d11      100%        5
 Metabolic Englaciation   Hex/Ice        0%         N/A       100%        5
 Summon Forest            Summ/Tloc      0%         N/A       100%        5
 Yara's Violent Unravell  Hex/Tmut       0%         3d3       100%        5
 Spellforged Servitor     Conj/Summ      0%         N/A       100%        7


Dungeon Overview and Level Annotations

Branches:
Dungeon (10/15)            Temple (1/1) D:6            Lair (3/6) D:9
 Spider (0/4) Lair:2
  Swamp: Lair:2-4    Shoals: Lair:2-4       Orc: D:9-12

Altars:
Ashenzari
Cheibriados
Dithmenos
Elyvilon
Fedhas
Gozag
Hepliaklqana
Kikubaaqudgha
Makhleb
Nemelex Xobeh
Okawaru
Qazlal
Ru
Sif Muna
Trog
Uskayaw
Vehumet
Wu Jian
Xom
Yredelemnul
Zin
The Shining One

Shops:
D:6 *


Innate Abilities, Weirdness & Mutations

You have a beak for a mouth.
You have claws for feet.
Your magical nature lets you fly swiftly and evasively.
You are partially covered in iridescent scales. (AC +2)
Potions are less effective at restoring your health.


Message History

You hit the death yak but do no damage.
The death yak looks as sick as possible!
Your kick misses the death yak.
The death yak is lightly wounded.
The death yak gores you but does no damage.
You thrash the death yak!!
The death yak looks as sick as possible!
You claw the death yak.
The death yak is heavily wounded.
You hit the death yak. You claw the death yak. You peck the death yak.
The death yak is severely wounded.
The death yak misses you.
You barely miss the death yak. You claw the death yak.
You peck the death yak, but do no damage.
The death yak is severely wounded.
The death yak gores you but does no damage.
You hit the death yak.
The death yak looks as sick as possible!
You claw the death yak. Your peck misses the death yak.
The death yak is almost dead.
You hit the death yak but do no damage.
The death yak looks as sick as possible!
Your peck misses the death yak.
The death yak is almost dead.
You block the death yak's attack.
You hit the death yak.
The death yak looks as sick as possible!
You claw the death yak.
You kill the death yak!
Okawaru accepts your kill.
Your base Maces & Flails skill increases to level 6!
Your Invocations skill increases to level 6!
You hit the death yak but do no damage.
The death yak is poisoned.
The death yak is almost dead.
You whack the death yak!
The death yak looks as sick as possible!
You claw the death yak, but do no damage.
The death yak is almost dead.
The death yak gores you!!
You die...

ยงยง.. ......
.P..... #
........#.
##.........
#.........##
...........##
#.........#@#
##......?.lY##
#..........##
#.#.......#
###........#
#.........l#
##.........#
##..........#
#......=...###


You could see a death yak (extremely poisoned) and a basilisk.

Vanquished Creatures
  2 hydras
  8 death yaks
  Pikel (D:7)
  A shining eye (D:8)
  4 elephants (Lair:3)
  2 black mambas
  3 cane toads
  2 rime drakes
  An unseen horror (D:10)
  4 komodo dragons
  A demonic crawler (Lair:2)
  A polar bear (Lair:3)
  2 trolls (D:10)
  20 yaks
  4 wyverns
  A basilisk (Lair:2)
  A spriggan (Lair:3)
  3 steam dragons
  8 water moccasins
  A sky beast (D:4)
  4 orc warriors
  4 black bears
  3 centaurs
  A phantom (D:3)
  3 ogres
  2 lemures (D:7)
  10 wolves
  2 kobold brigands
  8 bullfrogs
  3 scorpions (Lair:2)
  A water moccasin zombie (D:5)
  A water moccasin skeleton (D:6)
  5 killer bees (D:9)
  6 wights
  An electric eel (Lair:2)
  3 centaur zombies
  A howler monkey (D:9)
  A jelly (D:8)
  A hound (D:6)
  3 orc priests
  A centaur skeleton (D:6)
  An iguana (D:5)
  A bullfrog skeleton (D:6)
  Ijyb (D:3)
  An orc wizard (D:7)
  A howler monkey zombie (D:9)
  A howler monkey skeleton (D:7)
  3 gnolls (D:6)
  3 adders
  A shadow imp (D:6)
  An ufetubus (D:5)
  An adder skeleton (D:4)
  4 worms
  A dart slug (D:1)
  17 orcs
  6 endoplasms
  6 giant cockroaches
  17 goblins
  8 hobgoblins
  8 jackals
  15 kobolds
  3 quokkas
  8 ball pythons
  6 bats
  4 frilled lizards
  4 rats
256 creatures vanquished.

Vanquished Creatures (others)
  2 elephants (Lair:3)
  A bullfrog (D:7)
  An adder skeleton (D:4)
  11 fungi
  5 plants
20 creatures vanquished.

Grand Total: 276 creatures vanquished

Notes
Turn   | Place    | Note
-------+----------+-------------------------------------------
     0 | D:1      | robertstho the Tengu Hunter began the quest for the Orb.
     0 | D:1      | Reached XP level 1. HP: 12/12 MP: 2/2
   142 | D:1      | Reached XP level 2. HP: 17/17 MP: 3/3
   234 | D:1      | Reached skill level 5 in Bows
   384 | D:1      | Reached XP level 3. HP: 21/21 MP: 4/4
  1391 | D:2      | Reached XP level 4. HP: 26/26 MP: 5/5
  1699 | D:2      | Reached skill level 1 in Armour
  1842 | D:3      | Noticed a phantom
  1857 | D:3      | Killed a phantom
  1858 | D:3      | Reached skill level 6 in Bows
  1858 | D:3      | Gained mutation: Your magical nature lets you fly swiftly
                  | and evasively. [Tengu growth]
  1858 | D:3      | Reached XP level 5. HP: 19/31 MP: 6/6
  2090 | D:3      | Found a faded altar of an unknown god.
  2488 | D:3      | Noticed Ijyb
  2519 | D:3      | Killed Ijyb
  2961 | D:3      | Reached skill level 1 in Maces & Flails
  3038 | D:4      | Identified the Almanac of the Escort
  3092 | D:4      | Noticed an ogre
  3096 | D:4      | Reached XP level 6. HP: 28/36 MP: 7/7
  3407 | D:4      | Identified the +7 scale mail of Death Resistance {rElec
                  | rF+}
  3710 | D:4      | Noticed a sky beast
  3721 | D:4      | Killed a sky beast
  3722 | D:4      | Reached skill level 7 in Bows
  4086 | D:5      | Entered Level 5 of the Dungeon
  4117 | D:5      | Found a snail-covered altar of Cheibriados.
  4145 | D:5      | Reached XP level 7. HP: 35/41 MP: 8/8
  4725 | D:5      | Reached skill level 8 in Bows
  5239 | D:6      | Found Zin's Purification Station.
  5250 | D:6      | Found a glowing silver altar of Zin.
  5394 | D:6      | Found a bloodstained altar of Trog.
  5529 | D:6      | Found a staircase to the Ecumenical Temple.
  5588 | D:6      | Reached XP level 8. HP: 44/48 MP: 9/9
  5607 | Temple   | Entered the Ecumenical Temple
  6082 | D:6      | Reached skill level 9 in Bows
  6509 | D:7      | Noticed Pikel
  6539 | D:7      | Killed Pikel
  6540 | D:7      | Reached skill level 10 in Bows
  6753 | D:7      | Reached skill level 5 in Fighting
  6753 | D:7      | Reached XP level 9. HP: 22/54 MP: 10/10
  7337 | D:7      | Reached skill level 11 in Bows
  7708 | D:8      | Noticed a two-headed ogre
  7714 | D:8      | Noticed a torpor snail
  7714 | D:8      | a two-headed ogre changed into a torpor snail
  7715 | D:8      | Noticed a shining eye
  7715 | D:8      | a torpor snail changed into a shining eye
  7718 | D:8      | Gained mutation: You are frail. (-10% HP) [a shining eye]
  7720 | D:8      | Gained mutation: You sometimes lose the ability to read
                  | scrolls when taking damage. [a shining eye]
  7722 | D:8      | Killed a shining eye
  7748 | D:8      | Found a hide-covered altar of Uskayaw.
  7787 | D:8      | Reached skill level 1 in Evocations
  8286 | D:8      | Reached skill level 12 in Bows
  8397 | D:8      | Reached XP level 10. HP: 48/54 MP: 11/11
  8495 | D:8      | Found a shadowy altar of Dithmenos.
  8804 | D:9      | Found a staircase to the Lair.
  8845 | D:9      | Lost mutation: You are frail. (-10% HP) [potion of
                  | mutation]
  8845 | D:9      | Lost mutation: You sometimes lose the ability to read
                  | scrolls when taking damage. [potion of mutation]
  8845 | D:9      | Gained mutation: Potions are less effective at restoring
                  | your health. [potion of mutation]
  8845 | D:9      | Gained mutation: You are partially covered in iridescent
                  | scales. (AC +2) [potion of mutation]
  9527 | D:9      | Found a glowing golden altar of the Shining One.
  9793 | D:9      | Reached skill level 13 in Bows
  9956 | D:9      | Found a white marble altar of Elyvilon.
  9963 | D:9      | Found a basalt altar of Yredelemnul.
  9971 | D:9      | Found an iron altar of Okawaru.
  9978 | D:9      | Found a shimmering altar of Xom.
  9984 | D:9      | Became a worshipper of Warmaster Okawaru
  9997 | D:9      | Found a hazy altar of Hepliaklqana.
 10005 | D:9      | Found an opulent altar of Gozag.
 10009 | D:9      | Found an ornate altar of the Wu Jian Council.
 10092 | D:10     | Entered Level 10 of the Dungeon
 10210 | D:10     | Reached skill level 5 in Armour
 10423 | D:10     | Reached skill level 1 in Invocations
 10749 | D:10     | Killed an unseen horror
 10749 | D:10     | Reached * piety under Okawaru
 11021 | Lair:1   | Entered Level 1 of the Lair of Beasts
 11021 | Lair:1   | Noticed a death yak
 11021 | Lair:1   | Noticed a death yak
 11021 | Lair:1   | Noticed a death yak
 11021 | Lair:1   | Noticed a death yak
 11021 | Lair:1   | Noticed a death yak
 11024 | Lair:1   | Noticed a death yak
 11069 | Lair:1   | Reached skill level 1 in Shields
 11162 | Lair:1   | Noticed a black mamba
 11180 | Lair:1   | Killed a black mamba
 11180 | Lair:1   | Reached ** piety under Okawaru
 11181 | Lair:1   | Reached XP level 11. HP: 38/67 MP: 13/13
 11866 | Lair:1   | Killed a death yak
 11867 | Lair:1   | Reached skill level 14 in Bows
 12341 | Lair:1   | Killed a death yak
 12341 | Lair:1   | Reached *** piety under Okawaru
 12641 | Lair:1   | Received a gift from Okawaru
 12666 | Lair:1   | Killed a death yak
 13263 | Lair:2   | Received a gift from Okawaru
 13559 | Lair:2   | Received a gift from Okawaru
 14187 | Lair:2   | Reached **** piety under Okawaru
 14398 | Lair:2   | Found a hole to the Spider Nest.
 14657 | Lair:2   | Received a gift from Okawaru
 14749 | Lair:3   | Noticed a five-headed hydra
 14781 | Lair:2   | Reached XP level 12. HP: 62/75 MP: 16/16
 14877 | Lair:2   | Killed a five-headed hydra
 14973 | Lair:3   | Received a gift from Okawaru
 14983 | Lair:3   | Noticed a four-headed hydra
 15101 | Lair:3   | Killed a four-headed hydra
 15473 | Lair:3   | Reached skill level 5 in Dodging
 15473 | Lair:3   | Reached skill level 5 in Invocations
 16042 | Lair:3   | Reached ***** piety under Okawaru
 16263 | Lair:3   | Noticed a death yak
 16270 | Lair:3   | Noticed a death yak
 16272 | Lair:3   | Noticed a death yak
 16276 | Lair:3   | Noticed a death yak
 16276 | Lair:3   | Noticed a death yak
 16278 | Lair:3   | Noticed a death yak
 16293 | Lair:3   | Killed a death yak
 16293 | Lair:3   | Received a gift from Okawaru
 16307 | Lair:3   | Killed a death yak
 16308 | Lair:3   | Reached skill level 5 in Maces & Flails
 16322 | Lair:3   | Killed a death yak
 16327 | Lair:3   | Killed a death yak
 16327 | Lair:3   | Received a gift from Okawaru
 16767 | Lair:3   | Killed a death yak
 16769 | Lair:3   | Mangled by a death yak

Illustrated notes

Levels and vault maps discovered:
D:1:      moated_graveyard_arrival, layout_loops_corners, minivault_4,
          minmay_pentomino_p2
D:2:      layout_basic, corexii_shack
D:3:      kennysheep_the_goblin_king, layout_basic,
          ebering_ecumenical_altar_sacrificial, minivault_11
D:4:      layout_gridville, lemuel_old_faithful
D:5:      layout_gridville, kennysheep_mini
D:6:      layout_gridville, zin_purify, trog_three_pillars_becter,
          minmay_temple_entry_overgrown
D:7:      layout_basic, uniq_pikel
D:8:      layout_gridville, kennysheep_mini_moat, lemuel_doored_altar
D:9:      layout_basic, nicolae_tso_carved_into_rock,
          grunt_temple_overflow_octagram, lair_entry_dummy
D:10:     layout_irregular_city, gammafunk_ghost_nasty_kobolds, minivault_13
Temple:   nicolae_temple_figure_zero
Lair:1:   layout_regular_city
Lair:2:   layout_cave_shapes, nicolae_spider_entry_non_spiders,
          serial_bayou_shore_a, lemuel_fruit_tree
Lair:3:   layout_cave_shapes, minmay_swamp_entry_reptiles, fungi_pond_lemuel,
          st_stairs_9, grunt_forest_stairs_clearing

Skill      XL: |  1  2  3  4  5  6  7  8  9 10 11 12 |
---------------+-------------------------------------+-----
Bows           | 5 6 7 8 10 12 13 14 | 14.9
Armour         | 1 2 3 4 5 7 |  7.8
Maces & Flails | 1 2 3 6 |  6.1
Fighting       | 3 5 7 8 9 |  9.7
Dodging        | 3 4 5 |  5.3
Stealth        | 2 |  2.9
Evocations     | 2 |  2.4
Invocations    | 2 4 6 |  6.0
Shields        | 1 3 |  3.1

Action                   |  1- 3 |  4- 6 |  7- 9 | 10-12 || total
-------------------------+-------+-------+-------+-------++-------
Melee: Demon whip        |       |    35 |     8 |   171 ||   214
       Kick              |       |     9 |     4 |    74 ||    87
       Peck              |       |     8 |       |    53 ||    61
       Punch             |       |       |       |     4 ||     4
 Fire: Shortbow          |    88 |    92 |   290 |   842 ||  1312
Invok: Heroism           |       |       |       |    15 ||    15
Evoke: Wand              |       |     2 |     8 |    13 ||    23
  Use: Scroll            |       |     7 |     2 |     9 ||    18
       Potion            |       |       |     2 |    14 ||    16
 Stab: Sleeping          |       |     1 |       |       ||     1
Armor: Leather armour    |    11 |     8 |       |       ||    19
       Scale mail        |       |     6 |    56 |   238 ||   300
Dodge: Dodged            |    29 |    31 |    45 |   332 ||   437
Block: Other             |       |       |     1 |   116 ||   117
       Reflection        |       |       |       |     4 ||     4

Table legend: (Time is in decaauts)
 A = Elapsed time spent in this place.
 B = Non-inter-level travel time spent in this place.
 C = Inter-level travel time spent in this place.
 D = Time resting spent in this place.
 E = Time spent auto-exploring this place.
 F = Levels seen in this place.
 G = Mean time per level.
                   A        B        C        D        E       F      G
               +--------+--------+--------+--------+--------+-----+--------+
         Total |  15637 |  15070 |    567 |   1777 |  11205 |  14 | 1116.9 |
       Dungeon |  10269 |   9834 |    435 |    791 |   7906 |  10 | 1026.9 |
        Temple |    119 |    109 |     10 |      0 |    109 |   1 |  119.0 |
          Lair |   5248 |   5127 |    121 |    986 |   3189 |   3 | 1749.3 |
               +--------+--------+--------+--------+--------+-----+--------+

Top non-repeatable levels by time:
  Lair:2: 2675 daAuts
  Lair:1: 1526 daAuts
     D:9: 1297 daAuts
     D:7: 1187 daAuts
     D:3: 1088 daAuts
     D:6: 1088 daAuts
  Lair:3: 1046 daAuts
     D:5: 1031 daAuts
     D:4: 1016 daAuts
     D:2: 972 daAuts
     D:8: 875 daAuts
     D:1: 866 daAuts
    D:10: 844 daAuts
  Temple: 119 daAuts
